Cogmind - Beta 13 @@@ ROGUE MODE // 2024.05.08 @ 03:12:52 Player: void Result: Destroyed by G-34 Mercenary with Small Laser Performance ------------- Evolutions (1) 500 Regions Visited (3) 600 Robots Destroyed (36) 180 Value Destroyed (957) 957 Prototype IDs (1) 20 Alien Tech Used (0) 0 Bonus (97) 97 TOTAL SCORE: 2354 Bonus ------- High Alert Combat Kills 52 Follower Combat Kills 86 Friendly Fire -41 Cogmind --------- Core Integrity 0/400 Matter 247/300 Energy 105/250 System Corruption 0% Temperature Warm (159) Movement Core (500) Ox9 Location -9/Storage Parts ------- > --- POWER (1) -------- Ion Engine > --- PROPULSION (2) --- (None) > --- UTILITY (4) ------ Disposable Heat Sink Disposable Heat Sink Large Storage Unit > --- WEAPON (2) ------- Medium Laser Light Assault Rifle > --- INVENTORY (15) --- Ion Engine Ion Engine Faulty Heavy Ion Engine Light Treads Light Treads Huge Storage Unit Small Laser Advanced Beam Cannon Mining Laser Peak State ------------ > --- POWER ------------ Improved Ion Engine > --- PROPULSION ------- Carbon-fiber Leg Carbon-fiber Leg > --- UTILITY ---------- Disposable Heat Sink Large Storage Unit Improved Terrain Scanner > --- WEAPON ----------- Advanced Beam Cannon Heavy Assault Rifle > --- INVENTORY -------- Ion Engine Ion Engine Ion Engine Heavy Ion Engine Light Treads Light Treads Disposable Heat Sink Huge Storage Unit EM Pulse Gun Medium Laser Small Laser Advanced Beam Cannon Grenade Launcher Mining Laser [Rating: 20] Favorites ----------- Power Ion Engine Engine Ion Engine Propulsion Light Treads Treads Light Treads Leg Carbon-fiber Leg Utility Large Storage Unit Device Disposable Heat Sink Storage Large Storage Unit Weapon Advanced Beam Cannon Energy Gun Small Laser Energy Cannon Advanced Beam Cannon Ballistic Gun Heavy Assault Rifle Launcher Grenade Launcher Special Weapon Mining Laser Build | -11 -10 -9 -9 ------- Run | Yrd Mat Mat Sto Slots Evolved 2 | . . 2 . Power . | . . . . Propulsion . | . . . . Utility 2 | . . 2 . Weapon . | . . . . Parts Attached 37 | 7 3 6 21 Power 4 | 1 . . 3 Engine 4 | 1 . . 3 Core . | . . . . Reactor . | . . . . Propulsion 5 | 2 . . 3 Treads 2 | 2 . . . Leg 3 | . . . 3 Wheel . | . . . . Hover . | . . . . Flight . | . . . . Utility 6 | 2 1 2 1 Device 4 | 1 . 2 1 Storage 2 | 1 1 . . Processor . | . . . . Hackware . | . . . . Protection . | . . . . Artifact . | . . . . Weapon 22 | 2 2 4 14 Energy Gun 7 | 2 1 2 2 Energy Cannon 2 | . . 1 1 Ballistic Gun 6 | . . 1 5 Ballistic Cannon . | . . . . Launcher 4 | . . . 4 Special Weapon 3 | . 1 . 2 Impact Weapon . | . . . . Slashing Weapon . | . . . . Piercing Weapon . | . . . . Special Melee Weapon . | . . . . Unidentified Prototypes 1 | . . 1 . Parts Lost 11 | . . 2 9 Power 1 | . . . 1 Propulsion 3 | . . . 3 Utility 2 | . . 1 1 Weapon 5 | . . 1 4 Highest Loss Streak 5 | . . 2 5 To Critical Strikes . | . . . . Average Slot Usage (%) 87 | . 100 91 80 Engine 11 | . 14 11 10 Treads 13 | . 28 22 4 Leg 8 | . . . 16 Device 19 | . 14 26 18 Storage 11 | . 14 11 11 Energy Gun 9 | . 28 13 . Energy Cannon 7 | . . 7 10 Ballistic Gun 3 | . . . 6 Naked Turns . | . . . . Heaviest Build 36 | 13 29 35 36 Greatest Support 40 | 40 40 40 40 Greatest Overweight (x) 3 | 3 . . 2 Average Overweight (x) . | . . . . Largest Inventory Capacity 15 | 8 15 15 15 Average Capacity 14 | 7 14 15 15 Most Carried 14 | 3 8 13 14 Average Carried 9 | 1 6 9 12 Final Capacity 15 | 8 15 15 15 Final Carried 12 | 3 8 12 9 Class Distribution -------------------- 82% | Mutant 17% | Scavenger-Mutant Dominant Class ---------------- Mutant | -10/Materials Mutant | -9/Materials Mutant | -9/Storage Resources | -11 -10 -9 -9 ----------- Run | Yrd Mat Mat Sto Matter Collected 596 | 161 76 89 270 Remotely . | . . . . Salvage Created 1129 | 96 76 250 707 Parts 79 | 3 2 13 61 Haulers Intercepted . | . . . . Recyclers Shooed 2 | . . . 2 Parts Field Recycled . | . . . . Retrieved Matter . | . . . . Parts Self-Destructed . | . . . . Prevented . | . . . . Kills | -11 -10 -9 -9 ------- Run | Yrd Mat Mat Sto Combat Hostiles Destroyed 26 | . 2 5 19 Guns 7 | . 2 2 3 Cannons 13 | . . 3 10 AOE 6 | . . . 6 Classes Destroyed 11 | 2 1 2 6 Worker 4 | . . 1 3 Builder 3 | . . . 3 Tunneler 1 | 1 . . . Recycler 1 | 1 . . . Watcher 1 | . . . 1 Swarmer 4 | . . . 4 Grunt 15 | . 2 4 9 Brawler 1 | . . . 1 Duelist 2 | . . . 2 Protector 1 | . . . 1 Sentry 3 | . . 1 2 Best Kill Streak 17 | 2 2 4 17 Combat Bots Only 10 | . 2 3 10 Max Kills in Single Turn 3 | 1 1 1 3 Gunslinging . | . . . . Exploded 2 | . . . 2 Melee . | . . . . Uniques/NPCs Destroyed . | . . . . Combat | -11 -10 -9 -9 -------- Run | Yrd Mat Mat Sto Hostile Shots Fired 206 | . 21 35 150 Missed 56 | . 6 8 42 Damage Taken 1811 | . 184 295 1332 Core 422 | . 15 69 338 Absorbed by Shields . | . . . . Regen/Repaired (Parts) 50 | . . . 50 Core Remaining (%) 97 | 100 94 . . Volleys Fired 80 | 5 14 13 48 Largest 2 | 2 2 2 2 Hottest 113 | 80 100 113 108 Shots Fired 141 | 10 23 22 86 Gun 77 | 10 22 9 36 Cannon 51 | . . 13 38 Launcher 8 | . . . 8 Special 5 | . 1 . 4 Kinetic 28 | . . . 28 Thermal 91 | 10 23 13 45 Explosive 8 | . . . 8 Electromagnetic 14 | . . 9 5 Robot Hit Streak 11 | 6 7 3 11 Robot Miss Streak 3 | 1 2 3 3 Penetration Max . | . . . . Secondary Targets . | . . . . Shots Hit Robots 80 | 8 16 9 47 Core Hits 55 | 3 5 7 40 Critical Kills . | . . . . Critical Parts Destroyed . | . . . . Critical Strikes . | . . . . Melee Attacks . | . . . . Impact . | . . . . Slashing . | . . . . Piercing . | . . . . Sneak Attacks . | . . . . Combat Hostiles . | . . . . Follow-up Attacks . | . . . . Damage Inflicted 2084 | 94 199 212 1579 Guns 650 | 94 187 87 282 Cannons 678 | . . 125 553 Explosions 744 | . . . 744 Melee . | . . . . Ramming 12 | . 12 . . Kinetic 210 | . . . 210 Thermal 995 | 94 187 125 589 Explosive 744 | . . . 744 Electromagnetic 123 | . . 87 36 Impact . | . . . . Slashing . | . . . . Piercing . | . . . . Highest Corruption 2 | . 2 . . Average Corruption 2 | . 2 . . Corruption Purged . | . . . . Corruption Blocked . | . . . . Overload Shots . | . . . . Overflow Damage 15 | . . . 15 Projectiles . | . . . . Explosions 15 | . . . 15 Melee . | . . . . Knockbacks 1 | . 1 . . Impact 1 | . 1 . . Kinetic . | . . . . Secondary . | . . . . Self-Inflicted Damage 74 | . . . 74 Shots 4 | . . . 4 Rammed 4 | . 4 . . Targets Rammed 5 | . 4 . 1 Kicked 1 | . . . 1 Crushed . | . . . . Highest Temperature 342 | 90 342 188 198 Average Temperature 92 | 47 171 68 78 Received Heat Transfer 792 | . 108 126 558 Effects 3 | . 3 . . Interference 3 | . 3 . . Siege Activations . | . . . . Robots Corrupted . | . . . . Combat Hostiles . | . . . . Parts Fried . | . . . . Impact Corruptions . | . . . . Robots Melted . | . . . . Combat Hostiles . | . . . . Parts Melted 1 | . 1 . . Heat Transferred 1955 | 200 460 222 1073 Parts Sabotaged . | . . . . Parts Stolen . | . . . . Parts Stripped . | . . . . Power Chain Reactions 1 | . . 1 . Alert | -11 -10 -9 -9 ------- Run | Yrd Mat Mat Sto Peak Influence 554 | 10 66 177 554 Initial 74 | . 6 27 74 Average 168 | 5 31 72 295 Maximum Alert Level 2 | . . . 2 Low Security (%) 62 | 100 100 100 24 Level 1 32 | . . . 66 Level 2 4 | . . . 8 Level 3 . | . . . . Level 4 . | . . . . Level 5 . | . . . . High Security . | . . . . Max Security . | . . . . Squads Dispatched 8 | . 1 3 4 Investigation 3 | . . 2 1 Extermination . | . . . . Reinforcement 3 | . 1 1 1 Assault 2 | . . . 2 Garrison . | . . . . Intercept . | . . . . Searches Triggered . | . . . . Construction Impeded . | . . . . Haulers Reinforced . | . . . . Active Scanning Responses . | . . . . Cargo Convoy Interrupts . | . . . . Stealth | -11 -10 -9 -9 --------- Run | Yrd Mat Mat Sto Distress Signals 1 | . . . 1 Communications Jammed . | . . . . Distress Signals . | . . . . Times Spotted 46 | . 3 10 33 Peak Tracking Total 8 | . 2 5 8 Tactical Retreats . | . . . . Traps | -11 -10 -9 -9 ------- Run | Yrd Mat Mat Sto Traps Triggered 2 | . 1 1 . Indirectly . | . . . . Trap Hack Attempts . | . . . . Triggered . | . . . . Disarmed . | . . . . Reprogrammed . | . . . . Reused . | . . . . Traps Extracted . | . . . . Installed . | . . . . Triggered . | . . . . Machines | -11 -10 -9 -9 ---------- Run | Yrd Mat Mat Sto Machines Disabled 3 | . . 1 2 Max in Single Turn 1 | . . 1 1 Machines Repaired . | . . . . Machines Dismantled . | . . . . Machines Sabotaged . | . . . . Overloaded Fab Kills . | . . . . Hacking | -11 -10 -9 -9 --------- Run | Yrd Mat Mat Sto Machines Accessed 5 | . 1 1 3 Terminals 4 | . 1 1 2 Fabricators . | . . . . Repair Stations 1 | . . . 1 Recycling Units . | . . . . Scanalyzers . | . . . . Garrison Access . | . . . . Total Hacks 11 | . 1 3 7 Successful 3 | . 1 . 2 Failed 8 | . . 3 5 Catastrophic 2 | . . 1 1 Database Lockouts . | . . . . Manual 4 | . 1 . 3 Terminals 9 | . 1 3 5 Fabricators . | . . . . Repair Stations 2 | . . . 2 Recycling Units . | . . . . Scanalyzers . | . . . . Garrison Access . | . . . . Terminal Hacks 1 | . 1 . . Level Access Points 1 | . 1 . . Fabricator Hacks . | . . . . Repair Station Hacks 2 | . . . 2 Scan Component 1 | . . . 1 Repair 1 | . . . 1 Recycling Unit Hacks . | . . . . Scanalyzer . | . . . . Garrison Access Hacks . | . . . . Unauthorized Hacks . | . . . . Terminals . | . . . . Fabricators . | . . . . Repair Stations . | . . . . Recycling Units . | . . . . Scanalyzers . | . . . . Garrison Access . | . . . . Data Cores Recovered . | . . . . Used . | . . . . Hacking Detections 3 | . . 1 2 Full Trace Events 2 | . . 1 1 Feedback Events . | . . . . Feedback Blocked . | . . . . Robot Schematics Acquired . | . . . . Robots Built . | . . . . Authchips . | . . . . Time . | . . . . Total Robot Build Rating . | . . . . Part Schematics Acquired . | . . . . Parts Built . | . . . . Authchips . | . . . . Time . | . . . . Total Part Build Rating . | . . . . Parts Repaired 1 | . . . 1 Time 32 | . . . 32 Parts Recycled . | . . . . Recycled Matter . | . . . . Retrieved Matter . | . . . . Retrieved Components . | . . . . Parts Scanalyzed . | . . . . Part Schematics Acquired . | . . . . Parts Damaged . | . . . . Bothacking | -11 -10 -9 -9 ------------ Run | Yrd Mat Mat Sto Used RIF Installer . | . . . . Robots Hacked . | . . . . Non-combat . | . . . . Combat . | . . . . Robot Hacks Applied . | . . . . Relay Couplers Released . | . . . . Fabnet Peak Effective % . | . . . . Robots Rewired . | . . . . Allies Hacked . | . . . . Hacks Repelled . | . . . . Allies | -11 -10 -9 -9 -------- Run | Yrd Mat Mat Sto Total Allies 2 | . . . 2 Largest Group 2 | . . . 2 Highest-Rated Group 62 | . . . 62 Highest-Rated Ally 31 | . . . 31 Total Orders . | . . . . Ally Attacks 36 | . . . 36 Total Damage 399 | . . . 399 Kills 4 | . . . 4 Allies Corrupted . | . . . . Allies Melted . | . . . . Intel | -11 -10 -9 -9 ------- Run | Yrd Mat Mat Sto Robot Analysis Total . | . . . . Derelict Logs Recovered . | . . . . Drone Launches . | . . . . Drone Recoveries . | . . . . Exploration | -11 -10 -9 -9 ------------- Run | Yrd Mat Mat Sto Turns Passed 1425 | 115 273 337 700 Spaces Moved 557 | 46 115 165 231 Core 16 | 16 . . . Treads 348 | 30 115 165 38 Legs 193 | . . . 193 Wheels . | . . . . Hover . | . . . . Flight . | . . . . Fastest Speed 50 | 50 160 160 160 Average Speed 172 | 160 160 160 189 Slowest Speed 260 | 200 160 160 260 Overloaded Moves . | . . . . Propulsion Burnouts . | . . . . Robots Hopped . | . . . . Cave-ins Triggered . | . . . . Exploration Rate (%) 24 | 5 22 25 46 Regions Visited 3 Branch Regions 1 Pre-discovered Areas . | . . . . Known Exits Taken 1 | . 1 . . Unknown Exits Taken 2 | 1 . 1 . Scrap Searched . | . . . . Spaces Dug 4 | . 1 . 3 Terrain Destroyed 58 | . 1 4 53 Melee . | . . . . Projectile 6 | . 1 . 5 AOE 52 | . . 4 48 Terrain Rammed . | . . . . Walls Destroyed . | . . . . Machines Disabled . | . . . . Actions | -11 -10 -9 -9 --------- Run | Yrd Mat Mat Sto Total 857 | 74 176 215 392 Wait 155 | 13 35 22 85 Move 554 | 45 114 164 231 Hop . | . . . . Pick Up 21 | 4 5 8 4 Fast Attach 9 | 6 . 1 2 Attach 9 | 1 . 2 6 Detach . | . . . . Swap 19 | . 3 3 13 Drop 5 | . 1 2 2 Fire 80 | 5 14 13 48 Melee . | . . . . Ram . | . . . . Kick 1 | . . . 1 Crush 4 | . 4 . . Escape Stasis . | . . . . Rewire . | . . . . Trap . | . . . . Miscellaneous . | . . . . Route ------- -11/Scrapyard -10/Materials (discovered 3 exits: *Mat x3) -9/Materials -9/Storage History --------- Turn | Location | Event 15 | -11/Scrapyard | Discovered new exit (range 16) 116 | -11/Scrapyard | Entered Materials 135 | -10/Materials | Identified exit to Materials 313 | -10/Materials | Build established: Mutant 389 | -10/Materials | Entered another Materials area 389 | -9/Materials | Evolved 2 slots: Utility x2 618 | -9/Materials | Discovered new exit (range 8) 726 | -9/Materials | Entered Storage 736 | -9/Storage | Met a pair of Derelict thieves 1078 | -9/Storage | Core integrity fell below 50% 1145 | -9/Storage | Destroyed 10 combat bots 1153 | -9/Storage | Lost 5 parts (1n1u3w) 1250 | -9/Storage | Repaired Imp. Ion Engine 1420 | -9/Storage | Core integrity fell below 20% 1426 | -9/Storage | Destroyed by G-34 Mercenary with Small Laser Last Messages --------------- Repairing Imp. Ion Engine... ETC: 32 Repair station completes Imp. Ion Engine repairs. Acquired Imp. Ion Engine. Connecting with Door Terminal... R-06 Scavenger collects Flight Unit. Acquired 3 matter. R-06 Scavenger collects Beam Rifle. O-16 Technician: "IFF HANDSHAKE FAILED. SECURING TERMINAL." ALERT: Hostiles spotted, dispatching reinforcements to Terminal S015. Carbon-fiber Leg destroyed. Critical hit (Burn: +37). Imp. Ion Engine destroyed. Connecting with Door Terminal... ALERT: Suspicious activity at Terminal S008. Dispatching Investigation squad. G-34 Mercenary destroyed. Adv. Beam Cannon destroyed. Imp. Aluminum Leg destroyed. G-34 Mercenary destroyed. Map ----- +----------------------------------------------------+ | ?????????????????????????????????????????????????? | | ?????????????????????????????????????????????????? | | ?????????????????????????????????????????????????? | | ?????????????????????????????????????????????????? | | ?????????????????????????????????????????????????? | | ?????????????????????????????????????????????????? | | ?????????????????????????????????????????????????? | | ?????????????????????????????????????????????????? | | ######???????????????????????????????????????????? | | """ #????????????? ????????????????????????????? | | "Y" #????????????? #??????????????????????????? | | #????????????# #??"???????????????????????? | | #????????????/ +?? ???????????????????????? | | #????????????# #?? ???????????????????????? | | ?????????????# #?? ???????????????????????? | | ?#+####???????????# #?? ???????????????????????? | | ?# ############# ###g#??????????????????????? | | ?# ==[ #??????????????????????? | | ## g[% #??????????????????????? | | ^ """%! #??????????????????????? | | ######## "R"== #?????????????????????#? | | ##?#???###+#/##### " " Y ######## #???????????? | | ####????# # g ?????????????? | | #?????# """ # g #??????????????????? | | ###??## """ / Y +??????????????????? | | ! # #???# """ ##"T"###@#####??"????????????#??? | | # ##??# ##"""#?# T#?#???? ?????????#????? | | ######??# """ ######?#"##?????????????????????? | | %%%|!#??# """ #???#?#? ??#??? "????????######## | | % #?## """ #??????#????#? ??????????#! ! !# | | =#??# #??????????#????????????##!! ! # | | #?##### #####?#??????????? ? ? ? ? ??# !!# | | !#??#####??#??###??##???##?##???#??#?## ? | | !=##???????????????#?#????#??#??????#??##" "##? | | *!!##??????#?#######???#####????????????# T#? | | %[!%%##????????# ####### #???????????## ##? | | #+###############%= ## ################+##### | | =!| % !=%!*%= ! | | %***= =%=%] | | % = = | | ####+######+##+######## # ######+#########+##### | | # ### = =/= # ??? ??? | | # """"" """"" ###= %!!%!= #? ? | | # """"" """"" +%+%! % ! =# =! | | # """"" """""!###* / %! # | | # ### * # | | # ## [ # | | ################################################## | | | | | +----------------------------------------------------+ Best States ------------- Heat Dissipation 28 Coolant Potential 100 Energy Generation 12 Energy Capacity 265 Matter Stores 300 Matter Capacity 300 Sight Range 16 Terrain Scan Range 16 Terrain Scan Density 10 Evasion (%) 40 Recoil Reduction 2 Item Schematics ----------------- None Robot Schematics ------------------ None Fabricated ------------ Nothing Alien Tech Used ----------------- None Achievements -------------- None Challenges ------------ None Game ------ Seed SpacefoldLongswordPlatform Manual? 0 Play Time 00:21:20 Cumulative 23.6 hours Start 2024.05.08 @ 02:49:37 End 2024.05.08 @ 03:12:52 Sessions 1 Manual Loads 0 Difficulty Rogue Special Mode None Game No. 51 Rogue 43 Adventurer 8 Explorer 0 Win Type - Total 0 Types 0/0/0/0/0/0/0/0/0 Lore% 8 Gallery% 27 Achievement% 20 Wizard Run 0 Options --------- Layout 0 ASCII 0 Keyboard 0 Movement Mouse Keybinds 0 Fullscreen 2 Font 18/SmallcapsGlow Map View 76x50 Zoom Use 5% Tactical HUD 0 Map Filters NONE Filters NONE Steam 1 RUN: 2c5b454b-c414-44e7-b493-229d8a1b937a